 Dungeon Crawl Stone Soup version 0.21.1-1-g345015f (webtiles) character file.

106 gyp21 the Shield-Bearer (level 4, -1/41 HPs)
             Began as a Minotaur Fighter on Feb 12, 2018.
             Slain by Autsider's ghost (4 damage)
             ... on level 3 of the Dungeon.
             The game lasted 00:05:07 (2289 turns).

gyp21 the Shield-Bearer (Minotaur Fighter)          Turns: 2289, Time: 00:05:08

Health: -1/41      AC: 14    Str: 24    XL:     4   Next: 55%
Magic:  3/3        EV:  4    Int:  5    God:    Xom [..*...]
Gold:   76         SH: 10    Dex:  9    Spells: 3/3 levels left

rFire    . . .     SeeInvis .   m - -2 hand axe (curse)
rCold    . . .     Gourm    .   c - +0 shield
rNeg     . . .     Faith    .   n - +0 plate armour
rPois    .         Spirit   .   (helmet restricted)
rElec    .         Reflect  .   h - +1 cloak
rCorr    .         Harm     .   (no gloves)
MR       .....                  (no boots)
Stlth    ..........             (no amulet)
HPRegen  0.13/turn              g - ring of loudness (curse)
MPRegen  0.08/turn              j - -3 ring of strength (curse)

@: mighty, drained, invisible
A: retaliatory headbutt, horns 2
a: Renounce Religion


You were on level 3 of the Dungeon.
You worshipped Xom.
You were a toy of Xom.
You were very hungry.

You visited 1 branch of the dungeon, and saw 3 of its levels.

You collected 76 gold pieces.

Inventory:

Hand Weapons
 a - a +0 war axe
 m - a cursed -2 hand axe (weapon)
Armour
 c - a +0 shield (worn)
 h - a +1 cloak (worn)
 n - a +0 plate armour (worn)
Jewellery
 g - a cursed ring of loudness (left hand)
 j - a cursed -3 ring of strength (right hand)
Scrolls
 l - 3 scrolls of identify
Potions
 i - a potion of invisibility
 k - a potion of brilliance {unknown}
 o - a potion of mutation {unknown}
Comestibles
 f - 7 rations


   Skills:
 + Level 4.5(4.4) Fighting
 + Level 3.6(3.5) Axes
 + Level 4.4 Armour
 + Level 4.5(4.4) Shields


You had 3 spell levels left.
You didn't know any spells.

Dungeon Overview and Level Annotations

Branches:
Dungeon (3/15)

Altars:
Xom

Annotations:
D:3 Autsider's ghost, amateur MiMo; Grinder


Innate Abilities, Weirdness & Mutations

You reflexively headbutt those who attack you in melee.
You have a pair of horns on your head.


Message History

You block Autsider's ghost's attack.
Your plate armour prevents you from hitting Autsider's ghost.
Autsider's ghost is lightly damaged.
Autsider's ghost hits you but does no damage.
Your shield prevents you from hitting Autsider's ghost.
You headbutt Autsider's ghost!
Autsider's ghost is moderately damaged.
Autsider's ghost hits you.
* * * LOW HITPOINT WARNING * * *
You hit Autsider's ghost.
Autsider's ghost is moderately damaged.
Autsider's ghost hits you!
* * * LOW HITPOINT WARNING * * *
Okay, then.
It was a potion of invisibility.
You fade into invisibility!
Xom thinks this is hilarious!
Autsider's ghost hits you.
You die...
Xom guffaws!

#####.#######
###.#.##......#
##.#.#.#######.#
##...≈≈≈#.# #.###
#..≈.#.##### #....
#...≈≈..≈.## #....
#...#≈..#### #(...
#.W≈≈#≈.≈≈#####....
##@.≈####..#..#....
#...#.##..≈...#....
#≈≈⌠...#.###..#....
#≈.⌠⌠.#≈≈≈.#..#....
#.#.≈≈##⌠#.#..##...
#.##.≈≈.≈.≈#..''...
##..##.#§.##..##...
##.≈⌠≈.§§§##......#
##≈##..#########.#


You could see Autsider's ghost.

Vanquished Creatures
  Crazy Yiuf (D:2)
  A gnoll (D:1)
  3 adders
  An ooze (D:1)
  A worm (D:2)
  A leopard gecko (D:2)
  7 bats
  A giant cockroach (D:1)
  3 goblins
  3 hobgoblins
  4 jackals (D:1)
  A frilled lizard (D:2)
  6 kobolds
  3 rats
36 creatures vanquished.

Notes
Turn   | Place    | Note
-------+----------+-------------------------------------------
     0 | D:1      | gyp21 the Minotaur Fighter began the quest for the Orb.
     0 | D:1      | Reached XP level 1. HP: 19/19 MP: 0/0
    58 | D:1      | Reached XP level 2. HP: 27/27 MP: 1/1
   417 | D:1      | Reached XP level 3. HP: 29/33 MP: 2/2
  1471 | D:2      | Found a runed door.
  1721 | D:2      | Noticed Crazy Yiuf
  1738 | D:2      | Killed Crazy Yiuf
  1738 | D:2      | Reached XP level 4. HP: 13/41 MP: 0/3
  2217 | D:3      | Found a shimmering altar of Xom.
  2244 | D:3      | Noticed Autsider's ghost (amateur MiMo)
  2245 | D:3      | Noticed Grinder
  2270 | D:3      | Became a worshipper of Xom the Random
  2278 | D:3      | XOM: silly message
  2289 | D:3      | Slain by Autsider's ghost

Skill      XL: |  1  2 |
---------------+-------+-----
Fighting       | 4 |  4.5
Armour         | 4 |  4.4
Shields        | 4 |  4.5
Axes           | 3 |  3.6

Action                   |  1- 3 |  4- 6 || total
-------------------------+-------+-------++-------
Melee: War axe           |    61 |       ||    61
       Headbutt          |     9 |     4 ||    13
       Hand axe          |    27 |    48 ||    75
  Use: Scroll            |     5 |       ||     5
       Potion            |     1 |     2 ||     3
  Eat: Chunk             |     2 |     1 ||     3
Armor: Scale mail        |    37 |       ||    37
       Plate armour      |     3 |    27 ||    30
Dodge: Dodged            |    24 |     7 ||    31
Block: Shield            |    42 |    22 ||    64
